 Dungeon Crawl Stone Soup version 0.19.5 (webtiles) character file.

658 Jynx the Reanimator (level 7, -3/55 HPs)
             Began as a Deep Dwarf Necromancer on Mar 26, 2017.
             Slain by Sigmund
             ... wielding a +0 scythe
              (9 damage)
             ... on level 5 of the Dungeon.
             The game lasted 00:11:29 (4884 turns).

Jynx the Reanimator (Deep Dwarf Necromancer)        Turns: 4884, Time: 00:11:30

Health: -3/55      AC:  4    Str: 13    XL:     7   Next: 29%
Magic:  13/13      EV: 12    Int: 16    God:
Gold:   164        SH:  0    Dex: 13    Spells: 3 memorised, 9 levels left

rFire  . . .     SeeInvis .     u - +2 flail (venom)
rCold  . . .     Gourm    .     a - +0 robe
rNeg   . . .     Faith    .     (no shield)
rPois  .         Spirit   .     (no helmet)
rElec  .         Reflect  .     o - +0 cloak
rCorr  .         Harm     .     y - +0 pair of gloves
MR     +....                    (no boots)
Stlth  ++........               (no amulet)
                                (no ring)
                                (no ring)

@: non-regenerating
A: damage resistance, recharge devices, sense surroundings 1, slow regeneration
3
a: Device Recharging


You were on level 5 of the Dungeon.
You were not hungry.

You visited 1 branch of the dungeon, and saw 5 of its levels.

You collected 164 gold pieces.

Inventory:

Hand Weapons
 u - a +2 flail of venom (weapon)
Armour
 a - a +0 robe (worn)
 o - a +0 cloak (worn)
 y - a +0 pair of gloves (worn)
Wands
 c - a wand of heal wounds (8/9)
 i - a wand of random effects (26/48)
 x - a wand of paralysis (9/24)
Scrolls
 f - a scroll of fear {unknown}
 j - 2 scrolls of remove curse
 m - a scroll of enchant weapon {unknown}
 n - 7 scrolls of identify {unknown}
 p - a scroll of noise {unknown}
 q - a scroll of fog {unknown}
 r - 3 scrolls of random uselessness {unknown}
 w - a scroll of blinking {unknown}
Potions
 e - 2 potions of curing {unknown}
 g - 3 potions of might {unknown}
 h - a potion of mutation {unknown}
 k - a potion of heal wounds {unknown}
 l - a potion of magic {unknown}
 t - a potion of resistance {unknown}
 v - 2 potions of degeneration {unknown}
 z - a potion of agility {unknown}
Books
 b - a book of Necromancy

   Spells                             Type                      Level
   a - Pain                           Necromancy                   1
   b - Animate Skeleton               Necromancy                   1
   c - Vampiric Draining              Necromancy                   3
   d - Regeneration                   Charms/Necromancy            3
   e - Animate Dead                   Necromancy                   4
   f - Control Undead                 Necromancy                   4
 s - a book of Maledictions

   Spells                             Type                      Level
   a - Corona                         Hexes                        1
   b - Ensorcelled Hibernation        Hexes/Ice                    2
   c - Confuse                        Hexes                        3
   d - Tukima's Dance                 Hexes                        3
   e - Dazzling Spray                 Conjuration/Hexes            3
Comestibles
 d - 5 bread rations
 A - 4 chunks of flesh
 B - a beef jerky


   Skills:
 - Level 2.1 Dodging
 - Level 2.4 Stealth
 + Level 4.2 Spellcasting
 * Level 8.4 Necromancy


You had 9 spell levels left.
You knew the following spells:

 Your Spells              Type           Power        Failure   Level  Hunger
a - Pain                  Necr           ####         1%          1    None
b - Vampiric Draining     Necr           ####......   1%          3    ###....
c - Animate Skeleton      Necr           N/A          1%          1    None


Dungeon Overview and Level Annotations

Branches:
Dungeon (5/15)
 Temple: D:4-7

Altars:
Ashenzari
Fedhas
Qazlal
Sif Muna

Shops:
D:4 :

Annotations:
D:5 Sigmund; deszczowiec's ghost, amateur SpAs


Innate Abilities, Weirdness & Mutations

You are resistant to damage.
You can recharge devices by infusing magical energy.
You passively map a small area around you.
You do not regenerate.


Message History

Deszczowiec's ghost is lightly damaged.
Deszczowiec's ghost hits you.
The crimson imp blinks!
You barely miss deszczowiec's ghost.
Deszczowiec's ghost is lightly damaged.
Deszczowiec's ghost hits you. x2
You miss deszczowiec's ghost.
Deszczowiec's ghost is lightly damaged.
Deszczowiec's ghost barely misses you. Something hits you!
* * * LOW HITPOINT WARNING * * *
You miss deszczowiec's ghost.
Deszczowiec's ghost is lightly damaged.
Deszczowiec's ghost hits you. Something hits you.
* * * LOW HITPOINT WARNING * * *
You miss deszczowiec's ghost.
Deszczowiec's ghost is lightly damaged.
Deszczowiec's ghost hits you but does no damage.
Deszczowiec's ghost hits you.
* * * LOW HITPOINT WARNING * * *
Something hits you!
You die...

..# #.# *#.....# #.# #.# ,
, #.....# #.# #.# ,
#.....# #.# #.# . *#.....#
#.# #.# * ..
#.....#######.# #.# #.
#.....#.......###'## *
##..#.....#.............
.......@..#............(
,*
.......W..#.............
####.##.###...........). *
#......5................
#.#...#.###............. ,
#<....#.# ##............
#........$.'............ ,
*,+...#...####?...........
, ,* #{..#....
.............


You could see deszczowiec's ghost and a crimson imp.

Vanquished Creatures
  An ogre (D:3)
  A scorpion (D:4)
  2 howler monkeys (D:4)
  4 orc priests
  2 iguanas (D:4)
  3 orc wizards (D:4)
  A worker ant zombie (D:5)
  5 adders
  3 gnolls (D:4)
  A river rat (D:3)
  3 oozes
  A worm (D:3)
  7 dart slugs
  2 leopard geckos
  8 orcs
  7 bats
  4 giant cockroaches
  8 goblins
  4 hobgoblins
  A quokka (D:3)
  6 frilled lizards
  11 kobolds
  12 rats
97 creatures vanquished.

Notes
Turn   | Place    | Note
-------+----------+-------------------------------------------
     0 | D:1      | Jynx the Deep Dwarf Necromancer began the quest for the Orb.
     0 | D:1      | Reached XP level 1. HP: 15/15 MP: 3/3
   337 | D:1      | Reached XP level 2. HP: 22/22 MP: 3/5
   618 | D:1      | Reached skill level 5 in Necromancy
  1141 | D:2      | Reached XP level 3. HP: 16/28 MP: 4/6
  1205 | D:2      | Learned a level 3 spell: Vampiric Draining
  1866 | D:2      | Found a shattered altar of Ashenzari.
  2046 | D:2      | Reached XP level 4. HP: 25/36 MP: 3/7
  2174 | D:3      | Found a stormy altar of Qazlal.
  2338 | D:3      | Found a blossoming altar of Fedhas.
  2360 | D:3      | Reached skill level 6 in Necromancy
  2648 | D:3      | Learned a level 1 spell: Animate Skeleton
  2737 | D:3      | Reached XP level 5. HP: 22/42 MP: 0/9
  2848 | D:3      | Noticed an ogre
  2951 | D:3      | Killed an ogre
  2951 | D:3      | Reached skill level 7 in Necromancy
  2951 | D:3      | Reached XP level 6. HP: 3/49 MP: 0/10
  3673 | D:4      | Found a deep blue altar of Sif Muna.
  4093 | D:4      | Found a sand-covered staircase.
  4135 | D:4      | Found Fyibeap's Book Shoppe.
  4255 | D:4      | Reached skill level 8 in Necromancy
  4343 | D:4      | Reached XP level 7. HP: 30/55 MP: 7/12
  4756 | D:5      | Entered Level 5 of the Dungeon
  4869 | D:5      | Noticed deszczowiec's ghost (amateur SpAs)
  4875 | D:5      | Noticed Sigmund
  4884 | D:5      | Slain by Sigmund

Skill      XL: |  1  2  3  4  5  6  7 |
---------------+----------------------+-----
Spellcasting   | 2 3 4 |  4.2
Necromancy     | 5 6 7 8 |  8.4
Dodging        | |  2.1
Stealth        | |  2.4

Action                   |  1- 3 |  4- 6 |  7- 9 || total
-------------------------+-------+-------+-------++-------
Melee: Unarmed           |       |    13 |       ||    13
       Flail             |       |     5 |    25 ||    30
 Cast: Pain              |    79 |    80 |    10 ||   169
       Vampiric Draining |     2 |    20 |     7 ||    29
Evoke: Wand              |       |     1 |       ||     1
  Use: Scroll            |     3 |       |       ||     3
  Eat: Chunk             |     4 |    10 |     3 ||    17
Armor: Robe              |     1 |       |     5 ||     6
Dodge: Dodged            |     4 |    15 |    12 ||    31
